 Dungeon Crawl Stone Soup version 0.30.1-3-gfc49f6343a (webtiles) character file.

Game seed: 17514862687595696478

553 Peloso the Covered (level 7, -1/60 HPs)
             Began as a Minotaur Fighter on Aug 9, 2023.
             Killed by divine providence
             ... invoked by an orc priest
              (13 damage)
             ... on level 4 of the Dungeon.
             The game lasted 00:06:49 (3079 turns).

Peloso the Covered (Minotaur Fighter)               Turns: 3079, Time: 00:06:50

Health: -1/60      AC: 10    Str: 21    XL:     7   Next: 8%
Magic:  6/6        EV:  8    Int:  5    God:
Gold:   148        SH:  5    Dex: 11    Spells: 6/6 levels left

rFire   . . .        a - +0 long sword (flame)
rCold   + . .        c - +0 buckler
rNeg    . . .        o - +0 chain mail
rPois   .            (helmet restricted)
rElec   .            (no cloak)
rCorr   .            (no gloves)
SInv    .            (no boots)
Will    .....        m - amulet of the acrobat Stlth
                     l - ring of protection from cold
HPRegen 0.30/turn    (no ring)
MPRegen 0.10/turn

%: acrobat
@: mighty
A: horns 2, retaliatory headbutt
a: no special abilities


You were on level 4 of the Dungeon.
You visited 1 branch of the dungeon, and saw 4 of its levels.

You collected 162 gold pieces.
You spent 14 gold pieces at shops.

Inventory:

Hand Weapons
 a - a +0 long sword of flaming (weapon)
Armour
 b - a +0 scale mail
 c - a +0 buckler (worn)
 o - a +0 chain mail (worn)
Jewellery
 l - a ring of protection from cold (left hand)
 m - an amulet of the acrobat (around neck)
 n - a +6 ring of dexterity
Wands
 q - a wand of charming (5)
Scrolls
 f - a scroll of immolation {unknown}
 g - a scroll of noise {unknown}
 h - 2 scrolls of summoning
 j - 2 scrolls of teleportation {unknown}
 k - a scroll of brand weapon
 p - a scroll of enchant armour
 r - a scroll of poison
Potions
 e - a potion of ambrosia {unknown}
 i - 4 potions of curing
 s - 2 potions of brilliance


   Skills:
 + Level 4.9 Fighting
 + Level 6.0 Long Blades
 + Level 6.1 Armour
 + Level 1.7 Dodging
 + Level 4.8 Shields


You had 6 spell levels left.
You didn't know any spells.
Your spell library was empty.

Dungeon Overview and Level Annotations

Branches:
Dungeon (4/15)
 Temple: D:4-7

Altars:

Shops:
D:2 !   D:4 [


Innate Abilities, Weirdness & Mutations

You have a pair of horns on your head.
You reflexively headbutt those who attack you in melee.


Message History

Unknown command.
The orc priest drinks a potion.
The orc priest seems to grow stronger.
Okay, then.
You feel very mighty all of a sudden.
The orc warrior unwields a +0 arbalest.
The orc warrior wields a +0 war axe.
The orc warrior hits you with a +0 war axe.
You closely miss the orc warrior. The orc warrior barely misses you.
The orc warrior hits you with a +0 war axe!
You slash the orc warrior! You burn the orc warrior.
The orc warrior is heavily wounded.
The orc warrior closely misses you. You furiously retaliate!
You headbutt the orc warrior! You hit the orc warrior.
You burn the orc warrior.
You kill the orc warrior!
The orc priest calls down the wrath of Beogh upon you.
Beogh smites you!
* * * LOW HITPOINT WARNING * * *
Your Long Blades skill increases to level 6!
Your Armour skill increases to level 6!
You have reached level 7!
You feel better.
The orc priest calls down the wrath of Beogh upon you.
Beogh smites you!
* * * LOW HITPOINT WARNING * * *
You block the orc priest's attack.
Unknown command.
You slash the orc priest! You burn the orc priest.
The orc priest is almost dead.
You block the orc priest's attack.
You closely miss the orc priest.
The orc priest is almost dead.
The orc priest hits you but does no damage.
The orc priest calls upon Beogh to heal the orc priest.
The orc priest is healed somewhat.
The orc priest looks braver for a moment.
You slash the orc priest! You burn the orc priest.
You kill the orc priest!
The orc priest calls down the wrath of Beogh upon you.
Beogh smites you!
You die...

........###
##.........
....####.## ###.# #
### ## #.# #.. ..
.##.# ###.# .###
....## .... ...
.....# #.###.###..#
..#..### #..@)o.....#
.....).# #.###.##...#
...#.#.# #.# .# .
..###..#######)###.##
.# ##................
. #..###########.###
#.#.# ># #<.#.. .# ##
...


You could see an orc priest (strong).

Vanquished Creatures
  An orc warrior (D:4)
  A scorpion (D:4)
  A hound (D:3)
  An orc priest (D:4)
  A gnoll bouda (D:4)
  Jessica (D:3)
  2 iguanas (D:4)
  An orc wizard (D:3)
  3 adders
  12 gnolls
  A worm (D:2)
  4 dart slugs
  5 orcs
  8 ball pythons
  7 endoplasms
  4 giant cockroaches
  7 goblins
  9 hobgoblins
  4 jackals (D:2)
  4 quokkas
  5 bats
  4 frilled lizards
  3 kobolds (D:1)
  4 rats (D:1)
93 creatures vanquished.

Notes
Turn   | Place    | Note
-------+----------+-------------------------------------------
     0 | D:1      | Peloso the Minotaur Fighter began the quest for the Orb.
     0 | D:1      | Reached XP level 1. HP: 19/19 MP: 0/0
   104 | D:1      | Reached XP level 2. HP: 27/27 MP: 1/1
   437 | D:1      | Reached XP level 3. HP: 27/33 MP: 2/2
  1384 | D:2      | Reached XP level 4. HP: 39/40 MP: 3/3
  1581 | D:2      | HP: 2/40 [gnoll/+0 halberd (8)]
  1587 | D:2      | HP: 1/40 [gnoll/+0 flail (2)]
  1742 | D:2      | Reached XP level 5. HP: 44/46 MP: 4/4
  1852 | D:2      | Found Ytwow's Distillery.
  1874 | D:2      | Bought a potion of degeneration for 14 gold pieces
  1945 | D:2      | Reached skill level 1 in Dodging
  2175 | D:3      | Reached skill level 5 in Armour
  2501 | D:3      | Noticed Jessica
  2502 | D:3      | Killed Jessica
  2657 | D:3      | Reached XP level 6. HP: 41/53 MP: 5/5
  2890 | D:4      | Found Oshin's Antique Armour Shoppe.
  2923 | D:4      | Reached skill level 5 in Long Blades
  3067 | D:4      | Noticed an orc warrior
  3075 | D:4      | Killed an orc warrior
  3076 | D:4      | Reached XP level 7. HP: 12/60 MP: 6/6
  3079 | D:4      | Killed from afar by an orc priest

Illustrated notes

Levels and vault maps discovered:
D:1:      onia_arrival_handbag, layout_loops_corners, minmay_misc_feat_rows
D:2:      layout_basic, serial_shops, nicolae_shop_tiny_waterfront,
          minmay_fractal_squares_gapless_5
D:3:      layout_basic, supply_closet_lemuel, kennysheep_generic_room_11,
          uniq_jessica
D:4:      layout_loops_ring, serial_shops, shop, shop, nicolae_diamond_shop,
          gup_sewer_entry_glass

Skill      XL: |  1  2  3  4  5  6 |
---------------+-------------------+-----
Armour         | 4 5 6 |  6.1
Shields        | 4 |  4.8
Fighting       | 4 |  4.9
Long Blades    | 3 4 6 |  6.0
Dodging        | 1 |  1.7

Action                     |  1- 3 |  4- 6 |  7- 9 || total
---------------------------+-------+-------+-------++-------
  Melee: Long sword        |   101 |   125 |     3 ||   229
         Headbutt          |    15 |    16 |       ||    31
    Use: Potion            |     3 |     3 |     1 ||     7
         Scroll            |     3 |     2 |       ||     5
 Armour: Scale mail        |    67 |     9 |       ||    76
         Chain mail        |       |    38 |     1 ||    39
  Dodge: Dodged            |    53 |    62 |       ||   115
  Block: Buckler           |    25 |    21 |     2 ||    48
